 Dungeon Crawl Stone Soup version 0.22.0-38-g04b72b8 (webtiles) character file.

1450 dvd the Firebug (level 8, 0/50 HPs)
             Began as an Octopode Fire Elementalist on Aug 28, 2018.
             Slain by an unseen horror (8 damage)
             ... on level 6 of the Dungeon.
             The game lasted 00:18:47 (7525 turns).

dvd the Firebug (Octopode Fire Elementalist)        Turns: 7525, Time: 00:18:48

Health: 0/50       AC:  1    Str:  7    XL:     8   Next: 75%
Magic:  4/15       EV: 14    Int: 19    God:
Gold:   224        SH:  8    Dex: 13    Spells: 5/17 levels left

rFire    . . .     SeeInvis .   c - +1 spear (pierce)
rCold    + . .     Gourm    .   p - +3 buckler
rNeg     . . .     Faith    .   (helmet restricted)
rPois    .         Spirit   .   n - amulet of rage
rElec    .         Reflect  .   f - ring of protection from cold
rCorr    .         Harm     .   (no ring)
MR       .....                  (no ring)
Stlth    +++.......             (no ring)
HPRegen  0.16/turn              (no ring)
MPRegen  0.14/turn              (no ring)
                                (no ring)
                                (no ring)

@: very slightly contaminated
A: almost no armour, stealthy swim, amphibious, 8 rings, constrict 8, camouflage
1, gelatinous body 1
a: Evoke Berserk Rage


You were on level 6 of the Dungeon.
You were not hungry.

You visited 1 branch of the dungeon, and saw 6 of its levels.
You also visited: Sewer.

You collected 396 gold pieces.
You spent 172 gold pieces at shops.

Inventory:

Hand Weapons
 c - a +1 spear of piercing (weapon)
 o - a +1 long sword of holy wrath
 s - a +0 war axe
Missiles
 t - 5 poisoned javelins (quivered)
Armour
 p - a +3 buckler (worn)
Jewellery
 f - a ring of protection from cold (left tentacle)
 n - an amulet of rage (around mantle)
Scrolls
 e - 4 scrolls of remove curse
 g - a scroll of amnesia
 i - 7 scrolls of identify
Potions
 a - a potion of curing
 d - 3 potions of cancellation {unknown}
 h - 3 potions of ambrosia {unknown}
 j - a potion of lignification {unknown}
 k - a potion of heal wounds {unknown}
 m - a potion of brilliance {unknown}
 q - a potion of agility
 r - a potion of mutation {unknown}
Comestibles
 b - 12 rations
 l - 10 chunks of flesh


   Skills:
 + Level 2.2 Fighting
 + Level 3.4 Polearms
 + Level 3.7 Dodging
 - Level 3.2 Stealth
 * Level 3.3 Shields
 + Level 5.1 Spellcasting
 + Level 4.0 Conjurations
 + Level 5.4 Fire Magic


You had 5 spell levels left.
You knew the following spells:

 Your Spells              Type           Power        Failure   Level  Hunger
a - Flame Tongue          Conj/Fire      ###..        1%          1    None
b - Throw Flame           Conj/Fire      ###...       2%          2    #......
c - Sticky Flame          Conj/Fire      ###.....     19%         4    ####...
d - Fireball              Conj/Fire      ###.......   45%         5    ######.

Your spell library contained the following spells:

 Spells                   Type           Power        Failure   Level  Hunger
 Conjure Flame            Conj/Fire      ###.....     5%          3    ##.....
 Inner Flame              Hex/Fire       ###.....     13%         3    ##.....


Dungeon Overview and Level Annotations

Branches:
Dungeon (6/15)
 Temple: D:4-7

Altars:
Ashenzari
Cheibriados
Fedhas
Wu Jian

Shops:
D:4 [


Innate Abilities, Weirdness & Mutations

You cannot wear most types of armour.
You are very stealthy in the water. (Stealth+)
You are amphibious.
You can wear up to eight rings at the same time.
You can use your tentacles to constrict eight enemies at once.
Your skin changes colour to match your surroundings (Stealth+).
Your rubbery body absorbs attacks. (AC +1, EV +1)


Message History

Press: ? - help, Shift-Dir - straight line, f/p - bullfrog
Aim: a bullfrog (heavily wounded, constricted by you)
The flame tongue hits the bullfrog.
You kill the bullfrog!
Something hits you! Something hits you but does no damage.
You miss something. You squeeze something. Something barely misses you.
You block the wight's attack.
Casting: Flame Tongue (safe; 1% risk of failure)
Confirm with . or Enter, or press ? or * to list all spells.
You don't have enough magic to cast that spell.
You hit something. Something hits you!
* * * LOW HITPOINT WARNING * * *
The wight closely misses you.
Unknown command.
Something hits you!
* * * LOW HITPOINT WARNING * * *
Something completely misses you. Something hits you!
You die...

...>......# #...
.........# ##......
.........# ##.... .#
........####...###.#
###
..[...#.###........# .[
..)..##..#......#.. .#
...#####.#..###.#.###.#
## ####
#........#.....#....
##.#.....@.z.........
#.##................
#..###.###########..
##.# #.# # .# ..#
....## .... ..>. .....


You could see a wight.

Vanquished Creatures
  Sigmund (D:5)
  Menkaure (D:5)
  Purgy (Sewer)
  A phantom (D:4)
  2 centaurs
  A bullfrog (D:6)
  3 hounds
  5 orc wizards
  Crazy Yiuf (D:5)
  2 iguanas (D:4)
  4 worker ants
  14 gnolls
  7 adders
  An adder skeleton (D:4)
  4 worms
  3 dart slugs
  2 leopard geckos
  33 orcs
  4 giant cockroaches
  7 goblins
  14 hobgoblins
  8 jackals
  14 kobolds
  4 quokkas (D:4)
  A ball python (D:2)
  10 bats
  3 frilled lizards
  6 rats
157 creatures vanquished.

Notes
Turn   | Place    | Note
-------+----------+-------------------------------------------
     0 | D:1      | dvd the Octopode Fire Elementalist began the quest for the Orb.
     0 | D:1      | Reached XP level 1. HP: 11/11 MP: 3/3
   544 | D:1      | Reached XP level 2. HP: 15/17 MP: 3/5
   671 | D:1      | Learned a level 2 spell: Throw Flame
  1058 | D:2      | Reached XP level 3. HP: 4/21 MP: 1/6
  1429 | D:2      | Noticed a phantom
  1711 | D:3      | Reached skill level 1 in Polearms
  1711 | D:3      | Reached XP level 4. HP: 6/27 MP: 0/7
  1714 | D:3      | HP: 1/27 [poisoned by an adder]
  1914 | D:3      | Learned a level 4 spell: Sticky Flame
  3039 | D:4      | Reached XP level 5. HP: 32/32 MP: 5/9
  3073 | D:4      | Found a shattered altar of Ashenzari.
  3234 | D:4      | Reached skill level 1 in Fighting
  3579 | D:4      | Reached XP level 6. HP: 17/38 MP: 5/11
  4304 | D:4      | Noticed a phantom
  4318 | D:4      | Killed a phantom
  4370 | D:4      | Reached XP level 7. HP: 36/43 MP: 9/12
  4731 | D:4      | Found Duvigret's Antique Armour Shoppe.
  4734 | D:4      | Bought a glowing buckler for 172 gold pieces
  4894 | D:5      | Entered Level 5 of the Dungeon
  5102 | D:5      | Found a glowing drain.
  5111 | Sewer    | Entered a sewer
  5182 | Sewer    | Noticed Purgy
  5192 | Sewer    | Killed Purgy
  5192 | Sewer    | Reached skill level 1 in Shields
  5551 | D:5      | Noticed Sigmund
  5553 | D:5      | HP: 2/43 [centaur/uncursed short sword (9)]
  5912 | D:4      | Reached XP level 8. HP: 11/48 MP: 0/14
  6258 | D:5      | Learned a level 5 spell: Fireball
  6387 | D:5      | Found an ornate altar of the Wu Jian Council.
  6389 | D:5      | Found a snail-covered altar of Cheibriados.
  6423 | D:5      | Killed Sigmund
  6423 | D:5      | Reached skill level 5 in Fire Magic
  6665 | D:5      | Found a shattered altar of Ashenzari.
  6667 | D:5      | Found a blossoming altar of Fedhas.
  7013 | D:5      | Noticed Menkaure
  7020 | D:5      | Killed Menkaure
  7130 | D:5      | Found a runed door.
  7134 | D:5      | Noticed Crazy Yiuf
  7138 | D:5      | Killed Crazy Yiuf
  7441 | D:6      | Reached skill level 5 in Spellcasting
  7525 | D:6      | Slain by an unseen horror

Skill      XL: |  1  2  3  4  5  6  7  8 |
---------------+-------------------------+-----
Stealth        | 3 |  3.2
Polearms       | 1 2 3 |  3.4
Spellcasting   | 3 4 5 |  5.1
Fighting       | 1 2 |  2.2
Conjurations   | 2 3 4 |  4.0
Fire Magic     | 4 5 |  5.4
Dodging        | 3 |  3.7
Shields        | 2 3 |  3.3

Action                   |  1- 3 |  4- 6 |  7- 9 || total
-------------------------+-------+-------+-------++-------
Melee: Spear             |    48 |    67 |    92 ||   207
       Constrict         |    10 |    20 |    27 ||    57
       Tentacles         |     1 |    11 |    14 ||    26
 Cast: Flame Tongue      |    29 |    44 |    70 ||   143
       Throw Flame       |     5 |    22 |    29 ||    56
       Sticky Flame      |       |       |     9 ||     9
  Use: Potion            |       |     1 |     1 ||     2
       Scroll            |       |       |     6 ||     6
 Stab: Sleeping          |    10 |     4 |     8 ||    22
  Eat: Chunk             |     3 |    10 |    12 ||    25
Armor: Skin              |     2 |     2 |     8 ||    12
Dodge: Dodged            |    28 |    39 |    91 ||   158
Block: Buckler           |       |       |     3 ||     3
